 Dungeon Crawl Stone Soup version 0.32-a0-7-ge934b4519a (webtiles) character file.

Game seed: 11539782092034176681

4 NotreDorf the Apothecary (level 1, 0/3 HPs)
             Began as a Merfolk Alchemist on Jan 13, 2024.
             Slain by a bat (1 damage)
             ... on level 1 of the Dungeon.
             The game lasted 00:01:39 (138 turns).

NotreDorf the Apothecary (Merfolk Alchemist)         Turns: 138, Time: 00:01:40

Health: 0/3        AC:  0    Str:  8    XL:     1   Next: 60%
Magic:  3/3        EV: 16    Int: 14    God:
Gold:   11         SH:  0    Dex: 14    Spells: 3/4 levels left

rFire   . . .        (weapon currently unavailable)
rCold   . . .        (shield currently unavailable)
rNeg    . . .        a - melded +0 robe
rPois   .            (no helmet)
rElec   .            (no cloak)
rCorr   .            (no gloves)
SInv    .            (no boots)
Will    .....        (no amulet)
Stlth   +            (no ring)
HPRegen 0.20/turn    (no ring)
MPRegen 0.08/turn

%: no passive effects
@: flux-form, glowing
A: glow, contaminating, reduced hp, (nimble swimmer 2), mertail
a: Begin Untransformation


You were on level 1 of the Dungeon.
You were something dangerously unstable.
You visited 1 branch of the dungeon, and saw 1 of its levels.

You collected 11 gold pieces.

Inventory:

Armour
 a - a +0 robe (melded)
Talismans
 d - a flux talisman (active)
Scrolls
 c - a scroll of teleportation {unknown}
 e - a scroll of fog {unknown}
Potions
 b - a potion of magic


   Skills:
 + Level 0.2 Fighting
 + Level 2.8 Dodging
 + Level 2.3 Stealth
 + Level 2.0 Spellcasting
 - Level 0.7 Conjurations
 + Level 0.1 Air Magic
 + Level 4.0 Alchemy


You had 3 spell levels left.
You knew the following spells:

 Your Spells              Type           Power      Damage    Failure   Level
a - Sting                 Conj/Alch      32%        1d5       9%          1

Your spell library contained the following spells:

 Spells                   Type           Power      Damage    Failure   Level
 Mercury Vapours          Alch/Air       14%        N/A       16%         2
 Mephitic Cloud           Conj/Alch/Air  6%         N/A       36%         3
 Olgreb's Toxic Radiance  Alch           12%        N/A       41%         4
 Sticky Flame             Fire/Alch      7%         2d4       71%         4


Dungeon Overview and Level Annotations

Branches:
Dungeon (1/15)

Altars:


Innate Abilities, Weirdness & Mutations

You are something dangerously unstable.
You glow with magical radiation, making you easy to see and hit.
Foes you strike become dangerously contaminated with magical radiation.
Your maximum health is decreased, since you lack skill for your form.
You are incapable of wielding weapons or throwing items.
((You are very nimble when in or above water. (Stealth+, EV+, Speed+++)))
Your lower body shifts to a powerful aquatic tail in water.


Message History

You kill the jackal!
You start resting.
Magic restored.
HP restored.
You see here a jackal corpse.
Found a flux talisman.
You see here a flux talisman.
d - a flux talisman You begin transforming.
You continue transforming. x3
You turn into something dangerously unstable.
Your +0 robe melds into your body.
e - a scroll labelled BAUBUIPT CAON A giant cockroach comes into view.
A bat comes into view.
An endoplasm and a frilled lizard come into view.
The endoplasm quivers.
You hit the giant cockroach.
The giant cockroach begins to glow.
The giant cockroach is moderately wounded.
The frilled lizard hisses angrily.
The giant cockroach completely misses you.
You hit the giant cockroach but do no damage.
The giant cockroach glows dangerously bright.
The giant cockroach is moderately wounded.
The giant cockroach bites you.
Ouch! That really hurt!
You are too injured to fight recklessly!
You are too injured to fight recklessly!
You hit the giant cockroach but do no damage.
The giant cockroach shudders as magic cascades through it.
The giant cockroach twists and deforms.
The giant cockroach is almost dead.
The giant cockroach closely misses you. x2
You hit the giant cockroach.
You kill the giant cockroach!
The bat barely misses you. The bat hits you.
You hit the bat but do no damage.
The bat begins to glow.
The bat misses you. The bat closely misses you.
You hit the bat but do no damage.
The bat glows dangerously bright.
The bat hits you.
You die...

.....#+###........
..................
#................
#...........!...#
###.........####
#.........####
......####lJ...#
#..#######.b...# .#
#......p...######
#................
#.........#######..
#...................#
##...........######.#
###..###....#
##...##..#.#
#.....##.#.######
###.##.......#....#


You could see an endoplasm, a bat (heavy contam) and a frilled lizard.

Vanquished Creatures
  A giant cockroach (D:1)
  2 jackals (D:1)
3 creatures vanquished.

Notes
Turn   | Place    | Note
-------+----------+-------------------------------------------
     0 | D:1      | NotreDorf the Merfolk Alchemist began the quest for the
                  | Orb.
     0 | D:1      | Reached XP level 1. HP: 13/13 MP: 3/3
   138 | D:1      | Slain by a bat

Illustrated notes

Levels and vault maps discovered:
D:1:      saegor_arrival_simple_a, layout_basic, skrybe_limestone_x

Action                     || total
---------------------------++-------
  Melee: Unarmed           ||    14
   Cast: Sting             ||     4
 Armour: Robe              ||     7
         Skin              ||     3
  Dodge: Dodged            ||    10
   Form: Flux              ||     1

Table legend: (Time is in decaauts)
 A = Elapsed time spent in this place.
 B = Non-inter-level travel time spent in this place.
 C = Inter-level travel time spent in this place.
 D = Time resting spent in this place.
 E = Time spent auto-exploring this place.
 F = Levels seen in this place.
 G = Mean time per level.
                   A        B        C        D        E       F      G
               +--------+--------+--------+--------+--------+-----+--------+
         Total |    138 |    138 |      0 |     36 |     60 |   1 |  138.0 |
       Dungeon |    138 |    138 |      0 |     36 |     60 |   1 |  138.0 |
               +--------+--------+--------+--------+--------+-----+--------+

Top non-repeatable levels by time:
     D:1: 138 daAuts
